cohdb
Replays
Latest Replays
All Replays
Popular Replays
Top Player Replays
Match Explorer
How It Works
Community
CoH3 Stats
Reddit
Sign in to upload your games and track your stats! →
Sign in with Steam
Match 46747583
Unlisted
Match 46747583
Overview
Messages
Build Orders
End
Engineer Squad
Construct Barracks
Selects Armored Battlegroup
Selects Veteran Crews
1⁄4-ton 4x4 Truck
Riflemen Squad
Riflemen Squad
Riflemen Squad
Infantry Support Center
Construct Medical Station
Construct Motor Pool
Selects M31 Recovery Vehicle
M8 Greyhound Armored Car
Grenade Package
M1 Anti-tank Gun Team
Selects War Machine
Construct Tank Depot
Selects Strength in Steel
M4A1 Sherman Medium Tank
Selects Seek and Destroy
Selects UNKNOWN (2160077)
M4A3E8 Sherman Easy Eight
M1 Anti-tank Gun Team
M4A3E8 Sherman Easy Eight
Engineer Squad
M4A3E8 Sherman Easy Eight
odung
Sticket
0
0
Comments
sign in to comment!
No comments posted yet!